 Dungeon Crawl Stone Soup version 0.19-a0-1937-g70ed36a (webtiles) character file.

7291 hairmachine the Cleaver (level 11, -1/103 HPs)
             Began as a Hill Orc Abyssal Knight on Oct 26, 2016.
             Was a High Priest of Lugonu.
             Succumbed to a wight's poison
             ... on level 9 of the Dungeon.
             The game lasted 00:26:40 (11984 turns).

hairmachine the Cleaver (Hill Orc Abyssal Knight)  Turns: 11984, Time: 00:26:42

Health: -1/103     AC: 15    Str: 23    XL:     11   Next: 13%
Magic:  16/16      EV: 13    Int: 12    God:    Lugonu [*****.]
Gold:   492        SH:  0    Dex: 16    Spells: 0 memorised, 10 levels left

rFire  . . .     SeeInvis .     w - +0 war axe
rCold  . . .     Gourm    .     B - +3 chain mail
rNeg   . . .     Faith    +     (no shield)
rPois  .         Spirit   .     k - +2 hat
rElec  .         Reflect  .     (no cloak)
rCorr  .         Harm     .     (no gloves)
MR     .....                    (no boots)
Stlth  ..........               y - amulet of faith {Faith}
                                (no ring)
                                n - +3 ring of slaying

@: mighty, agile, lethally poisoned (-1 -> -31), drained, invisible
A: no striking features
a: Depart the Abyss, Bend Space, Banish, Corrupt, Enter the Abyss, Renounce
Religion


You were on level 9 of the Dungeon.
You worshipped Lugonu.
Lugonu was extremely pleased with you.
You were not hungry.

You visited 1 branch of the dungeon, and saw 9 of its levels.
You visited the Abyss 1 time.

You collected 492 gold pieces.


   Skills:
 + Level 11.6(10.7) Fighting
 + Level 13.5(12.5) Axes
 - Level 8.0(7.1) Armour
 - Level 0.7(0.0) Dodging
 + Level 7.9(7.1) Invocations


You had 10 spell levels left.
You didn't know any spells.

Inventory:

Hand Weapons
 a - a +1 hand axe
 w - a +0 war axe (weapon)
   (You found it on level 4 of the Dungeon)
 A - a +4 hand axe
   (You took it off an orc on level 6 of the Dungeon)
Armour
 k - a +2 hat (worn)
   (You found it on level 1 of the Dungeon)
 B - a +3 chain mail (worn)
   (You took it off an orc on level 4 of the Dungeon)
 F - the cursed +1 ring mail of Unambiguity {rPois rC++ Str+4, unknown}
   (You found it on level 9 of the Dungeon)

   It affects your strength (+4).
   It greatly protects you from cold.
   It protects you from poison.
   It has a curse placed upon it.
Jewellery
 n - a +3 ring of slaying (left hand)
   (You found it on level 2 of the Dungeon)
 y - an amulet of faith (around neck) {Faith}
   (You took it off an orc on level 6 of the Dungeon)
 I - an uncursed ring of wizardry {unknown}
   (You found it on level 9 of the Dungeon)
Wands
 i - a wand of lightning (5/15)
   (You took it off a centaur on level 7 of the Dungeon)
 E - a wand of slowing (33/48)
   (You found it on level 8 of the Dungeon)
Scrolls
 e - 2 scrolls of enchant weapon {!r, unknown}
 g - 3 scrolls of amnesia {!r, unknown}
 h - 4 scrolls of remove curse {!r, unknown}
 m - 2 scrolls of recharging {!r}
 o - 5 scrolls of enchant armour {!r, unknown}
 q - 9 scrolls of identify {!r}
 x - 6 scrolls of teleportation {!r, unknown}
 D - 2 scrolls of torment {!r, unknown}
 K - a scroll of fog {!r, unknown}
Potions
 b - a potion of cancellation {!q}
 p - a potion of haste {!q, unknown}
 r - a potion of resistance {!q, unknown}
 z - a potion of mutation {!q, unknown}
 G - a potion of flight {!q, unknown}
 H - a potion of cure mutation {!q, unknown}
 L - a potion of berserk rage {!q, unknown}
Books
 u - a book of Minor Magic
   (You found it on level 4 of the Dungeon)

   Spells                             Type                      Level
   a - Magic Dart                     Conjuration                  1
   b - Blink                          Translocation                2
   c - Call Imp                       Summoning                    2
   d - Repel Missiles                 Charms/Air                   2
   e - Slow                           Hexes                        2
   f - Conjure Flame                  Conjuration/Fire             3
   g - Mephitic Cloud                 Conjuration/Poison/Air       3
 J - a book of Misfortune
   (You found it on level 9 of the Dungeon)

   Spells                             Type                      Level
   a - Confusing Touch                Hexes                        1
   b - Confuse                        Hexes                        3
   c - Gell's Gravitas                Hexes/Translocation          3
   d - Petrify                        Transmutation/Earth          4
   e - Metabolic Englaciation         Hexes/Ice                    5
   f - Yara's Violent Unravelling     Hexes/Transmutation          5
Comestibles
 c - 8 bread rations
 l - 2 royal jellies
 s - 6 beef jerkies
 t - 3 meat rations
 v - 10 slices of pizza
 C - a chunk of flesh

Dungeon Overview and Level Annotations

Branches:
Dungeon (9/15)             Temple (0/1) D:5            Lair (0/6) D:9
    Orc: D:9-12

Altars:
Ashenzari
Dithmenos
Elyvilon
Gozag
Hepliaklqana
Kikubaaqudgha
Nemelex Xobeh
Qazlal

Shops:
D:9 *

Annotations:
D:8 Grum

(....H.z# #.................
........# #@Y..####.........
........########.a..#..#....###..
####.......Y†a)zY...#..#.####.#..
###.....>###'#####..#.#....#[.
#.....#...........#.#....'..
#.....#...........#.#....#..
#.....#...........'.#....#..
#.....#...........#)###+##..
#####.....#...........#)........
.[........#.......#####.........
.....>....#.......#.............
.........#.......#.............
######.....#.#+###.##.###+##.....
..<.)#.....#.# #..#.'....#..###
.....'.....#.# #..#.#....#..#
.....#.....#.# #..#)#....#..#


You could see 2 yaks, a worker ant and a wight.


Message History

* * * LOW HITPOINT WARNING * * *
You feel drained.
* * * LOW HITPOINT WARNING * * *
Damage: -5%(-6hp) hp: 46%(46hp)
You hit the wight.
The wight is lightly damaged.
The wight hits you but does no damage.
You slash the wight!
The wight is severely damaged.
You hit the wight.
The wight is severely damaged.
The wight hits you but does no damage.
You hit the wight but do no damage.
The wight is severely damaged.
The wight closely misses you.
You hit the wight.
The wight is almost destroyed.
The wight hits you but does no damage.
You slash the wight!
You destroy the wight!
You slash the yak!
The yak is heavily wounded.
The yak barely misses you.
You slash the yak!
The yak is almost dead.
You hear a shout!
An orc comes into view. It is wielding a flail.
Your chain mail prevents you from hitting the yak.
The yak is almost dead.
The yak gores you.
* * * LOW HITPOINT WARNING * * *
Damage: -2%(-2hp) hp: 45%(46hp)
You slash the yak!
You kill the yak!
You hit the yak.
The yak is lightly wounded.
The yak gores you but does no damage. The wight hits you but does no damage.
You slice the yak!!
The yak is severely wounded.
You hit the yak.
The yak is severely wounded.
An orc opens the door.
The yak gores you but does no damage. The wight hits you but does no damage.
You are poisoned.
You feel sick.
Damage: -1%(-1hp) hp: 45%(46hp)
You feel sick.
You hit the yak but do no damage.
The yak is severely wounded.
The yak barely misses you. The wight hits you but does no damage.
You are more poisoned.
You hit the yak.
The yak is almost dead.
You closely miss the orc.
You feel sick. The orc hits you but does no damage. The yak gores you!
* * * LOW HITPOINT WARNING * * *
Huge Dmg: -10%(-10hp) hp: 35%(36hp)
You barely miss the yak.
The yak is almost dead.
You slash the orc!
You kill the orc!
You feel sick.
The wight hits you from afar with a halberd of venom!
* * * LOW HITPOINT WARNING * * *
You feel drained.
* * * LOW HITPOINT WARNING * * *
You are more poisoned.
The yak gores you but does no damage.
Huge Dmg: -11%(-12hp) hp: 24%(24hp) Really quaff
b - 2 purple potions {!q}?
It was a potion of cancellation {!q}.
You feel magically purged.
You feel sick. The wight closely misses you. The yak gores you!
* * * LOW HITPOINT WARNING * * *
Huge Dmg: -11%(-11hp) hp: 13%(13hp)
Okay, then.
Really quaff
d - a black potion {!q}?
It was a potion of agility {!q}.
You feel agile all of a sudden.
* * * LOW HITPOINT WARNING * * *
You feel sick. The worker ant barely misses you.
The yak gores you but does no damage.
The wight hits you from afar with a halberd of venom.
* * * LOW HITPOINT WARNING * * *
You feel drained.
* * * LOW HITPOINT WARNING * * *
You are more poisoned.
Huge Dmg: -8%(-8hp) hp: 5%(5hp) Really quaff
f - a viscous orange potion {!q}?
It was a potion of might {!q}.
You feel very mighty all of a sudden.
* * * LOW HITPOINT WARNING * * *
You feel very sick.
The worker ant bites you but does no damage.
The worker ant misses you. The wight hits you but does no damage.
You are more poisoned.
Huge Dmg: -3%(-3hp) hp: 2%(2hp) Really quaff
j - a smoky inky potion {!q}?
It was a potion of invisibility {!q}.
You fade into invisibility!
You die...

Vault maps used:
D:1:      dpeg_cavernosity
D:2:      overflow_temple_1_default, nicolae_ashenzari_panopticon, uniq_iyjb
D:3:      ecumenical_altar_2, first_bread
D:4:      minmay_guarded_unrand_vampires_tooth, uniq_pikel
D:6:      grunt_gozag_statues
D:7:      old_standard_altar, grunt_livestock, uniq_duvessa
D:8:      grunt_qazlal_sundering, lemuel_doored_altar, enter_ossuary_2,
          nrook_mini_backslash, uniq_psyche, uniq_grum
D:9:      lightli_temple_of_fire, grunt_temple_overflow_open,
          overflow_temple_1_default, lair_0_dummy, serial_shops, shop

Notes
Turn   | Place    | Note
-------+----------+-------------------------------------------
     0 | Abyss:1  | hairmachine the Hill Orc Abyssal Knight began the quest for the Orb.
     0 | Abyss:1  | Reached XP level 1. HP: 19/19 MP: 2/2
    67 | Abyss:1  | Noticed a blizzard demon
    68 | D:1      | Escaped the Abyss
   286 | D:1      | Reached skill level 3 in Axes
   450 | D:1      | Reached * piety under Lugonu
   461 | D:1      | Reached XP level 2. HP: 12/26 MP: 3/3
   944 | D:1      | Reached skill level 4 in Axes
  1511 | D:1      | Reached XP level 3. HP: 30/31 MP: 4/4
  1747 | D:2      | Found a white marble altar of Elyvilon.
  1815 | D:2      | Noticed Ijyb
  1838 | D:2      | Killed Ijyb
  1838 | D:2      | Reached skill level 5 in Axes
  2098 | D:2      | Reached XP level 4. HP: 33/39 MP: 5/5
  2284 | D:2      | Found a shattered altar of Ashenzari.
  2647 | D:2      | Reached ** piety under Lugonu
  2690 | D:2      | Reached skill level 6 in Axes
  3424 | D:3      | Reached XP level 5. HP: 44/45 MP: 6/6
  3464 | D:3      | Found a faded altar of an unknown god.
  3786 | D:3      | Reached skill level 7 in Axes
  4979 | D:4      | Reached XP level 6. HP: 47/52 MP: 7/7
  5197 | D:4      | Noticed Pikel
  5199 | D:4      | Noticed a slave
  5200 | D:4      | Noticed a slave
  5245 | D:3      | Killed Pikel
  5245 | D:3      | Reached skill level 5 in Fighting
  5245 | D:3      | Reached skill level 8 in Axes
  5245 | D:3      | Reached XP level 7. HP: 58/62 MP: 8/8
  5278 | D:4      | Reached *** piety under Lugonu
  5327 | D:4      | Reached skill level 5 in Armour
  5330 | D:4      | Reached XP level 8. HP: 33/70 MP: 9/9
  6161 | D:4      | Reached skill level 9 in Axes
  6296 | D:5      | Entered Level 5 of the Dungeon
  6770 | D:5      | Found a staircase to the Ecumenical Temple.
  7661 | D:6      | Found an opulent altar of Gozag.
  7703 | D:6      | Reached skill level 10 in Axes
  7717 | D:6      | Reached XP level 9. HP: 16/80 MP: 10/10
  8450 | D:6      | Reached **** piety under Lugonu
  8991 | D:7      | Reached skill level 11 in Axes
  9351 | D:7      | Found an ancient bone altar of Kikubaaqudgha.
  9879 | D:7      | Reached XP level 10. HP: 89/91 MP: 11/13
  9941 | D:7      | Noticed Duvessa
  9941 | D:7      | Noticed Dowan
  9947 | D:7      | Killed Duvessa
  9959 | D:7      | Killed Dowan
 10141 | D:8      | Noticed Grum
 10183 | D:8      | Reached skill level 12 in Axes
 10216 | D:8      | Reached ***** piety under Lugonu
 10242 | D:7      | Reached skill level 5 in Invocations
 10295 | D:8      | Reached skill level 10 in Fighting
 10344 | D:8      | Found a stormy altar of Qazlal.
 10507 | D:8      | Found a hazy altar of Hepliaklqana.
 10522 | D:8      | Noticed Psyche
 10537 | D:8      | Killed Psyche
 10849 | D:8      | Found a sand-covered staircase.
 11325 | D:9      | Got an ancient ring mail
 11516 | D:9      | Found a staircase to the Lair.
 11597 | D:9      | Found Pothremm's General Store.
 11627 | D:9      | Found a sparkling altar of Nemelex Xobeh.
 11841 | D:9      | Reached skill level 13 in Axes
 11889 | D:9      | Found a shadowy altar of Dithmenos.
 11917 | D:9      | Reached XP level 11. HP: 61/102 MP: 16/16
 11982 | D:9      | HP: 5/103 [wight/halberd of venom (1)]
 11983 | D:9      | HP: 2/103 [poisoned by a wight]
 11984 | D:9      | Succumbed to a wight's poison

Vanquished Creatures
  Pikel (D:3)
  Psyche (D:8)
  3 hippogriffs
  A human (D:7)
  5 yaks
  3 hogs (D:7)
  2 water moccasins
  Duvessa (D:7)
  An orc warrior (D:6)
  5 black bears
  A phantom (D:9)
  5 ogres
  3 wolves
  A hornet zombie (D:6)
  A necrophage (D:9)
  6 centaurs
  6 bullfrogs
  2 wyvern zombies
  Dowan (D:7)
  2 scorpions
  3 wights (D:9)
  A vampire bat (D:4)
  6 howler monkeys
  4 crimson imps
  4 hounds
  A centaur zombie (D:6)
  A jelly (D:6)
  4 orc priests
  A bullfrog skeleton (D:5)
  6 iguanas
  Ijyb (D:2)
  2 centaur skeletons
  7 orc wizards
  6 worker ants
  A hound zombie (D:6)
  A hound skeleton (D:7)
  2 worker ant zombies
  9 adders
  3 gnolls (D:3)
  A howler monkey skeleton (D:7)
  4 shadow imps
  2 oozes (D:2)
  An adder zombie (D:6)
  5 worms
  4 dart slugs
  5 leopard geckos
  33 orcs
  9 giant cockroaches
  8 goblins
  4 hobgoblins
  18 jackals
  10 kobolds
  3 quokkas
  3 ball pythons
  9 bats
  9 frilled lizards
  2 leopard gecko skeletons
  A leopard gecko zombie (D:7)
  8 rats
253 creatures vanquished.

Vanquished Creatures (others)
  A slave (D:4)
  An ogre (D:4)
  A vampire bat (D:4)
  An adder skeleton (D:4)
  2 orcs (D:4)
  A bat (D:4)
7 creatures vanquished.

Grand Total: 260 creatures vanquished

Action                   |  1- 3 |  4- 6 |  7- 9 | 10-12 || total
-------------------------+-------+-------+-------+-------++-------
Melee: Hand axe          |   119 |   274 |    50 |       ||   443
       War axe           |       |       |   339 |   307 ||   646
Invok: Depart the Abyss  |     1 |       |       |       ||     1
  Use: Scroll            |       |     3 |       |       ||     3
       Potion            |       |     2 |       |     4 ||     6
  Eat: Chunk             |     4 |    10 |    15 |     7 ||    36
Armor: Leather armour    |    19 |       |       |       ||    19
       Ring mail         |     2 |    68 |       |       ||    70
       Chain mail        |       |    26 |   218 |   184 ||   428
Dodge: Dodged            |    69 |   107 |   148 |   101 ||   425

Skill      XL: |  1  2  3  4  5  6  7  8  9 10 |
---------------+-------------------------------+-----
Axes           | 3 4 5 6 7 8 10 11 13 | 13.5
Fighting       | 4 5 6 7 9 11 | 11.6
Armour         | 4 5 6 8 |  8.0
Invocations    | 4 7 |  7.9
Dodging        | |  0.7
